 Dungeon Crawl Stone Soup version 0.31.0-12-g77e489cdc1 (webtiles) character file.

Game seed: 13312698419805418363

61 jagang the Slasher (level 4, -3/35 HPs)
             Began as a Human Monk on Feb 21, 2024.
             Slain by Grinder (8 damage)
             ... on level 3 of the Dungeon.
             The game lasted 00:03:21 (1624 turns).

jagang the Slasher (Human Monk)                     Turns: 1624, Time: 00:03:22

Health: -3/35      AC:  6    Str: 11    XL:     4   Next: 7%
Magic:  4/4        EV:  9    Int: 11    God:
Gold:   113        SH:  0    Dex: 17    Spells: 3/3 levels left

rFire   . . .        a - +0 falchion
rCold   . . .        d - orb {light}
rNeg    . . .        m - +0 scale mail
rPois   .            (no helmet)
rElec   .            (no cloak)
rCorr   .            (no gloves)
SInv    .            (no boots)
Will    .....        (no amulet) Stlth
                     (no ring)
HPRegen 0.25/turn    (no ring)
MPRegen 0.09/turn

%: no passive effects
@: glowing
A: explore regen
a: no special abilities


You were on level 3 of the Dungeon.
You visited 1 branch of the dungeon, and saw 3 of its levels.

You collected 113 gold pieces.

Inventory:

Hand Weapons
 a - a +0 falchion (weapon)
 b - a +2 war axe of flaming
Missiles
 i - 5 curare-tipped darts (quivered)
Armour
 d - an orb of light (worn)
 m - a +0 scale mail (worn)
Scrolls
 f - a scroll of immolation {unknown}
 g - a scroll of vulnerability {unknown}
 h - a scroll of amnesia {unknown}
 l - a scroll of acquirement {unknown}
 n - a scroll of identify {unknown}
 o - 2 scrolls of teleportation
Potions
 c - a potion of ambrosia
 e - 2 potions of curing {unknown}
 j - a potion of haste {unknown}
 k - a potion of berserk rage {unknown}


   Skills:
 + Level 3.3 Fighting
 * Level 3.7 Long Blades
 + Level 0.8 Throwing
 * Level 2.0 Armour
 - Level 3.0 Dodging


You had 3 spell levels left.
You didn't know any spells.
Your spell library contained the following spells:

 Spells                   Type           Power      Damage    Failure   Level
 Blink                    Tloc           0%         N/A       97%         2
 Call Imp                 Summ           0%         N/A       97%         2
 Lesser Beckoning         Tloc           0%         N/A       97%         2
 Momentum Strike          Conj/Tloc      0%         3d8       97%         2
 Sublimation of Blood     Necr           0%         N/A       97%         2
 Summon Hydra             Summ           0%         N/A       100%        7


Dungeon Overview and Level Annotations

Branches:
Dungeon (3/15)

Altars:

Shops:
D:1 [

Annotations:
D:3 Grinder


Innate Abilities, Weirdness & Mutations

You regain HP and MP as you explore.


Message History

Grinder blinks!
The endoplasm hits you but does no damage.
You hit the endoplasm.
You kill the endoplasm!
Grinder gestures at you.
You suddenly lose the ability to move!
Grinder gestures at you. Pain shoots through your body!
You can move again.
You hit Grinder.
Grinder is lightly wounded.
Grinder gestures at you. Pain shoots through your body! Grinder hits you.
You writhe in agony.
* * * LOW HITPOINT WARNING * * *
You are too injured to fight recklessly!
You are too injured to fight recklessly!
You are too injured to fight recklessly!
You barely miss Grinder.
Grinder is lightly wounded.
Grinder says, "DUCK!"
Grinder barely misses you.
You hit Grinder.
Grinder is moderately wounded.
Grinder completely misses you.
You hit Grinder.
Grinder is moderately wounded.
Grinder barely misses you.
You barely miss Grinder.
Grinder is moderately wounded.
Grinder gestures at you. Pain shoots through your body!
* * * LOW HITPOINT WARNING * * *
You hit Grinder.
Grinder is heavily wounded.
Grinder closely misses you.
You hit Grinder.
Grinder is heavily wounded.
Grinder hits you!
You die...
Grinder says, "Now the real fun starts!"

###.# .. #.# ###.#
#.##.# ....# #.##.#
.##### #.##.#
.#####.##.##.#
<............### #######
..####.##......# .......
.......##..###.##......#
...........# #..@5.....#
.......##.## ####......#
..####.##.# ......# #..
##)# #####.. .## #.# #
.. ####.####
#.......##### #
#.##.##.#...#... #.
#.##.#.....#


You could see Grinder.

Vanquished Creatures
  An adder (D:2)
  A dart slug (D:2)
  2 orcs (D:3)
  6 endoplasms
  2 giant cockroaches
  3 goblins
  2 hobgoblins
  6 jackals
  3 quokkas (D:1)
  7 bats
  3 frilled lizards
  5 kobolds
  3 rats
44 creatures vanquished.

Notes
Turn   | Place    | Note
-------+----------+-------------------------------------------
     0 | D:1      | jagang the Human Monk began the quest for the Orb.
     0 | D:1      | Reached XP level 1. HP: 18/18 MP: 1/1
     1 | D:1      | Noticed an electric eel
   254 | D:1      | Reached XP level 2. HP: 18/24 MP: 2/2
   333 | D:1      | Reached skill level 1 in Armour
   545 | D:1      | Found Laimni's Armour Emporium.
   762 | D:2      | Reached XP level 3. HP: 29/29 MP: 3/3
  1559 | D:3      | Reached XP level 4. HP: 35/35 MP: 4/4
  1609 | D:3      | Noticed Grinder
  1616 | D:3      | Paralysed by Grinder for 2 turns
  1624 | D:3      | Slain by Grinder

Illustrated notes

Levels and vault maps discovered:
D:1:      arrival_aquarium_a, layout_basic, serial_shops, shop, minmay_cut_off
D:2:      layout_basic, serial_bayou_ford_a
D:3:      layout_loops_cross, uniq_terence, uniq_grinder

Skill      XL: |  1  2  3  4 |
---------------+-------------+-----
Armour         | 1 2 |  2.0
Fighting       | |  3.3
Long Blades    | |  3.7
Throwing       | |  0.8
Dodging        | |  3.0

Action                     |  1- 3 |  4- 6 || total
---------------------------+-------+-------++-------
  Melee: Falchion          |   101 |    13 ||   114
    Use: Scroll            |     1 |       ||     1
 Armour: Robe              |    20 |       ||    20
         Scale mail        |    38 |     4 ||    42
  Dodge: Dodged            |    52 |     6 ||    58
